Workbook
Name AA: #REF!
Name Adm: #REF!
Name BuscHSeguim: #REF!
Name BuscHSeguim2: #REF!
Name CDCT: #REF!
Name CDSeguim: #REF!
Name CLASIFTODOS: #REF!
Name CronogFechaFin: #REF!
Name CronogFechaInic: #REF!
Name Imprev: #REF!
Name inf: #REF!
Name IvaSUtl: #REF!
Name LISTADO: #REF!
Name NVOCD: #REF!
Name PALACIO_NACIONAL_BUGA: #REF!
Name PALACIO_NACIONAL_CALI: #REF!
Name PreciosBase: #REF!
Name SbtPpto: #REF!
Name TodosInsumos: #REF!
Name TtlCD: #REF!
Name TtlCDCronog: #REF!
Name Utilidad: #REF!

Sheet Buenaventura
C1: Consejo Superior de la Judicatura Dirección Ejecutiva Seccional de Administración Judicial Cali – Valle del Cauca
A3: CONTRATISTA: | D3: CONTRATANTE: | H3: OBJETO:
H4: CONTRATAR EN NOMBRE DE LA NACIÓN – CONSEJO SUPERIOR DE LA JUDICATURA – DIRECCIÓN SECCIONAL DE ADMINISTRACIÓN JUDICIAL DE CALI – VALLE DEL CAUCA, EL MANTENIMIENTO Y REPARACIONES LOCATIVAS DE LOS INMUEBLES PALACIO NACIONAL DE BUENAVENTURA Y SEDE JUDICIAL TRANSFERENCIAS DE BUENAVENTURA, INCLUYENDO MATERIALES A TODO COSTO.
A6: FECHA PRESENTE:
D7: CONTRATO No.
A8: FECHA ACTA DE INICIO: | D8: VALOR CONTRATO:
D9: VALOR ADICIÓN AL CONTRATO: | G9: TIEMPO (DIAS) ADICIÓN 1: | J9: =CONCATENATE("VR.ACTA ACTUAL (",F11,")") -> VR.ACTA ACTUAL () | L9: =+Q250 -> 0
A10: FECHA TERMINACIÓN CONTRATO: | D10: VALOR TOTAL CONTRATO: | F10: =F8+F9 -> 0 | G10: VR. ACTA No. 1 | J10: TOTAL PAGADO | L10: =I10+L9 -> 0
D11: ACTA No. | J11: SALDO ACTUAL CONTRATO | L11: =F10-L10 -> 0
A13: INTERVENTOR / SUPERVISOR | D13: CONTRATO INTERVENTORIA | G13: =+D8 -> VALOR CONTRATO: | J13: =+G9 -> TIEMPO (DIAS) ADICIÓN 1: | M13: =+G10 -> VR. ACTA No. 1
D14: N/A | G14: =+D14 -> N/A | J14: =+G14 -> N/A | M14: =+J14 -> N/A
D16: CANTIDADES CONTRACTUALES | H16: MODIFICACION | J16: TOTAL A EJECUTAR | M16: 1 | P16: 2 | S16: 3 | V16: ACUMULADO | Z16: PENDIENTE POR EJECUTAR
A18: ITEM | B18: ID | C18: DESCRIPCION | D18: UND | E18: CANT | F18: V/UNITARIO ANTES DE AIU E IVA | G18: VALOR | H18: CANT. | I18: VALOR | J18: CANT. | K18: VALOR | M18: CANT. | N18: VALOR | P18: CANT. | Q18: VALOR | S18: CANT. | T18: VALOR | V18: CANT. | W18: VALOR | X18: % | Z18: CANT. | AA18: VALOR | AB18: %
A19: PALACIO NACIONAL DE BUENAVENTURA | F19: OFERTA ECONOMICA
A20: ITEM | B20: ID | C20: DESCRIPCIÓN | D20: UNIDAD | E20: CANTIDAD | F20: V/UNITARIO PROMEDIO DEFINITIVO | G20: V/TOTAL | H20: =+H18 -> CANT. | I20: =+I18 -> VALOR | J20: =+J18 -> CANT. | K20: =+K18 -> VALOR | M20: =+M18 -> CANT. | N20: =+N18 -> VALOR | P20: =+P18 -> CANT. | Q20: =+Q18 -> VALOR | S20: =+S18 -> CANT. | T20: =+T18 -> VALOR | V20: =+V18 -> CANT. | W20: =+W18 -> VALOR
A21: Mantenimiento de pasamanos existentes
A22: 1 | B22: PR-36 | C22: Desmonte de acabado superior en madera del Pasamanos, incluye disposición final en centro de acopio certificado | D22: ML | E22: =Memorias!D9 -> 55.1 | G22: =ROUND(F22*E22,0) -> 0 | I22: =ROUND(H22*F22,0) -> 0 | J22: =+H22+E22 -> 55.1 | K22: =G22+I22 -> 0 | N22: =ROUND(M22*F22,0) -> 0 | Q22: =ROUND(P22*F22,0) -> 0 | T22: =ROUND(S22*F22,0) -> 0 | V22: =+M22+P22+S22 -> 0 | W22: =+T22+Q22+N22 -> 0 | X22: =IFERROR(V22/J22,"") -> 0 | Z22: =J22-V22 -> 55.1 | AA22: =ROUND(Z22*F22,0) -> 0 | AB22: =IFERROR(Z22/#REF!,"")
A23: 2 | B23: CA-41 | C23: Suministro e Instalación acabado superior para Pasamanos en Madera Chanul o choibá maciza inmunizada, con sección semitubular 0,08 x 0,10 con barniz y pintura poliuretano diseño y color similar al existente , incluye tornillería y todo lo necesario para su correcta instalación | D23: ML | E23: =Memorias!D44 -> 55.1 | G23: =ROUND(F23*E23,0) -> 0 | I23: =ROUND(H23*F23,0) -> 0 | J23: =+H23+E23 -> 55.1 | K23: =G23+I23 -> 0 | N23: =ROUND(M23*F23,0) -> 0 | Q23: =ROUND(P23*F23,0) -> 0 | T23: =ROUND(S23*F23,0) -> 0 | V23: =+M23+P23+S23 -> 0 | W23: =+T23+Q23+N23 -> 0 | X23: =IFERROR(V23/J23,"") -> 0 | Z23: =J23-V23 -> 55.1 | AA23: =ROUND(Z23*F23,0) -> 0 | AB23: =IFERROR(Z23/#REF!,"")
A24: 3 | B24: CA-19 | C24: Mantenimiento de reja metalica (cuerpo baranda), incluye desmonte si es necesario, cepillado, limpieza del elemento,eliminación total del óxido superficial, cambio de partes afectadas, Reforzar o rehacer soldaduras defectuosas, Aplicación de Imprimante anticorrosivo, Aplicación de Acabado (esmalte o pintura industrial mate ) y todo lo necesario para su correcta instalación | D24: M2 | E24: =Memorias!D74 -> 39.8106 | G24: =ROUND(F24*E24,0) -> 0 | I24: =ROUND(H24*F24,0) -> 0 | J24: =+H24+E24 -> 39.8106 | K24: =G24+I24 -> 0 | N24: =ROUND(M24*F24,0) -> 0 | Q24: =ROUND(P24*F24,0) -> 0 | T24: =ROUND(S24*F24,0) -> 0 | V24: =+M24+P24+S24 -> 0 | W24: =+T24+Q24+N24 -> 0 | X24: =IFERROR(V24/J24,"") -> 0 | Z24: =J24-V24 -> 39.8106 | AA24: =ROUND(Z24*F24,0) -> 0 | AB24: =IFERROR(Z24/#REF!,"")
A25: 4 | B25: PR-48 | C25: Desmonte de reja metálica incluye retiro y disposicion final en centro de acopio certificado | D25: M2 | E25: =Memorias!D105 -> 12.8928 | G25: =ROUND(F25*E25,0) -> 0 | I25: =ROUND(H25*F25,0) -> 0 | J25: =+H25+E25 -> 12.8928 | K25: =G25+I25 -> 0 | N25: =ROUND(M25*F25,0) -> 0 | Q25: =ROUND(P25*F25,0) -> 0 | T25: =ROUND(S25*F25,0) -> 0 | V25: =+M25+P25+S25 -> 0 | W25: =+T25+Q25+N25 -> 0 | X25: =IFERROR(V25/J25,"") -> 0
A26: 5 | B26: CA-43 | C26: Suministro, fabricación e instalación de reja metálica elaborada en varilla lisa de 3/8” (≈ 1 cm de diámetro), diseño similar al existente, incluye cortes, armado, soldadura, esmerilado, aplicación de anticorrosivo y pintura de acabado, asi como anclajes, fijaciones, herrajes y todos los elementos necesarios para su correcta instalación y funcionamiento. | D26: M2 | E26: =Memorias!$D$135 -> 12.8928 | G26: =ROUND(F26*E26,0) -> 0 | I26: =ROUND(H26*F26,0) -> 0 | J26: =+H26+E26 -> 12.8928 | K26: =G26+I26 -> 0 | N26: =ROUND(M26*F26,0) -> 0 | Q26: =ROUND(P26*F26,0) -> 0 | T26: =ROUND(S26*F26,0) -> 0 | V26: =+M26+P26+S26 -> 0 | W26: =+T26+Q26+N26 -> 0 | X26: =IFERROR(V26/J26,"") -> 0
A27: 6 | B27: CA-44 | C27: Suministro, fabricación e instalación de pasamanos en madera Chanul o choibá maciza inmunizada, sección semitubular 0,10 x 0,10 con barniz y pintura poliuretano diseño y color similiar al existente , incluye soporte de fijación en muro, tornilleria y todo lo necesario para su correcta instalación | D27: ML | E27: =Memorias!$D$159 -> 55.1 | I27: =ROUND(H27*F27,0) -> 0 | J27: =+H27+E27 -> 55.1 | K27: =G27+I27 -> 0 | N27: =ROUND(M27*F27,0) -> 0 | Q27: =ROUND(P27*F27,0) -> 0 | T27: =ROUND(S27*F27,0) -> 0 | V27: =+M27+P27+S27 -> 0 | W27: =+T27+Q27+N27 -> 0 | X27: =IFERROR(V27/J27,"") -> 0
A28: Carpintería metálica (ventanillas de atención - Puerta principal ,Pasamanos sotano, Cerramiento exterior) | Z28: =J28-V28 -> 0 | AA28: =ROUND(Z28*#REF!,0) -> #REF! | AB28: =IFERROR(Z28/#REF!,"")
A29: 7 | B29: PR-48 | C29: Desmonte de reja metalica incluye retiro y disposicion final en centro de acopio certificado | D29: M2 | E29: =Memorias!D190 -> 47.64 | G29: =ROUND(F29*E29,0) -> 0 | I29: =ROUND(H29*F29,0) -> 0 | J29: =+H29+E29 -> 47.64 | K29: =G29+I29 -> 0 | N29: =ROUND(M29*F29,0) -> 0 | Q29: =ROUND(P29*F29,0) -> 0 | T29: =ROUND(S29*F29,0) -> 0 | V29: =+M29+P29+S29 -> 0 | W29: =+T29+Q29+N29 -> 0 | X29: =IFERROR(V29/J29,"") -> 0 | Z29: =J29-V29 -> 47.64 | AA29: =ROUND(Z29*F70,0) -> 0 | AB29: =IFERROR(Z29/#REF!,"")
A30: 8 | B30: CA-45 | C30: Suministro, fabricación e instalación de reja metálica elaborada en varilla lisa de 3/4” (≈ 1,9 cm de diámetro), diseño similar al existente, incluye cortes, armado, soldadura, esmerilado, aplicación de anticorrosivo y pintura de acabado, asi como anclajes, fijaciones, herrajes y todos los elementos necesarios para su correcta instalación y funcionamiento. | D30: M2 | E30: =Memorias!D221 -> 27.6 | G30: =ROUND(F30*E30,0) -> 0 | I30: =ROUND(H30*F30,0) -> 0 | J30: =+H30+E30 -> 27.6 | K30: =G30+I30 -> 0 | N30: =ROUND(M30*F30,0) -> 0 | Q30: =ROUND(P30*F30,0) -> 0 | T30: =ROUND(S30*F30,0) -> 0 | V30: =+M30+P30+S30 -> 0 | W30: =+T30+Q30+N30 -> 0 | X30: =IFERROR(V30/J30,"") -> 0
A31: 9 | B31: CA-46 | C31: Suministro, fabricación e instalación de puerta en reja metálica elaborada en varilla lisa de 3/4” (≈ 1,9 cm de diámetro), diseño similar al existente, incluye cortes, armado, soldadura, esmerilado, aplicación de anticorrosivo y pintura de acabado, asi como anclajes, fijaciones, herrajes y todos los elementos necesarios para su correcta instalación y funcionamiento. | D31: M2 | E31: =Memorias!D281 -> 20.04 | I31: =ROUND(H31*F31,0) -> 0 | J31: =+H31+E31 -> 20.04 | K31: =G31+I31 -> 0 | N31: =ROUND(M31*F31,0) -> 0 | Q31: =ROUND(P31*F31,0) -> 0 | T31: =ROUND(S31*F31,0) -> 0 | V31: =+M31+P31+S31 -> 0 | W31: =+T31+Q31+N31 -> 0 | X31: =IFERROR(V31/J31,"") -> 0
A32: 10 | B32: PR-47 | C32: Desmonte de pasamanos metálico existente, incluyendo corte, desanclaje, retiro de fijaciones, cargue, transporte y disposición final de los materiales resultantes en sitio autorizado | D32: ML | E32: =Memorias!D392 -> 3.168 | G32: =ROUND(F32*E32,0) -> 0 | I32: =ROUND(H32*F32,0) -> 0 | J32: =+H32+E32 -> 3.168 | K32: =G32+I32 -> 0 | N32: =ROUND(M32*F32,0) -> 0 | Q32: =ROUND(P32*F32,0) -> 0 | T32: =ROUND(S32*F32,0) -> 0 | V32: =+M32+P32+S32 -> 0 | W32: =+T32+Q32+N32 -> 0 | X32: =IFERROR(V32/J32,"") -> 0
A33: 11 | B33: CA-16 | C33: Suministro e instalación de pasamanos metálico tubular de 2", incluye elementos de fijación (platinas, anclajes, otros), pintura anticorrosiva y pintura de esmalte color a definir | D33: ML | E33: =Memorias!D421 -> 13.634 | G33: =ROUND(F33*E33,0) -> 0 | I33: =ROUND(H33*F33,0) -> 0 | J33: =+H33+E33 -> 13.634 | K33: =G33+I33 -> 0 | N33: =ROUND(M33*F33,0) -> 0 | Q33: =ROUND(P33*F33,0) -> 0 | T33: =ROUND(S33*F33,0) -> 0 | V33: =+M33+P33+S33 -> 0 | W33: =+T33+Q33+N33 -> 0 | X33: =IFERROR(V33/J33,"") -> 0
A34: 12 | B34: CA-19 | C34: Mantenimiento de reja metalica, incluye desmonte si es necesario, cepillado, limpieza del elemento,eliminación total del óxido superficial, cambio de partes afectadas, Reforzar o rehacer soldaduras defectuosas, Aplicación de Imprimante anticorrosivo, Aplicación de Acabado (esmalte o pintura industrial mate ) y todo lo necesario para su correcta instalación | D34: M2 | E34: =Memorias!D587 -> 24.15 | G34: =ROUND(F34*E34,0) -> 0 | I34: =ROUND(H34*F34,0) -> 0 | J34: =+H34+E34 -> 24.15 | K34: =G34+I34 -> 0 | N34: =ROUND(M34*F34,0) -> 0 | Q34: =ROUND(P34*F34,0) -> 0 | T34: =ROUND(S34*F34,0) -> 0 | V34: =+M34+P34+S34 -> 0 | W34: =+T34+Q34+N34 -> 0 | X34: =IFERROR(V34/J34,"") -> 0
A35: 13 | B35: PR-67 | C35: Desmonte de cerramiento malla eslabonada existente, incluye retiro y disposición final en centro de acopio autorizado | D35: M2 | E35: =Memorias!D615 -> 105 | G35: =ROUND(F35*E35,0) -> 0 | I35: =ROUND(H35*F35,0) -> 0 | J35: =+H35+E35 -> 105 | K35: =G35+I35 -> 0 | N35: =ROUND(M35*F35,0) -> 0 | Q35: =ROUND(P35*F35,0) -> 0 | T35: =ROUND(S35*F35,0) -> 0 | V35: =+M35+P35+S35 -> 0 | W35: =+T35+Q35+N35 -> 0 | X35: =IFERROR(V35/J35,"") -> 0
A36: 14 | B36: AC-45 | C36: Suministro e instalacion de cerramiento en malla eslabonada con tuberia galvanizada de 2" angulos de 3/4 po 1/8, concertina y pintura ( incluye retiro malla eslabonada existente ) | D36: M2 | E36: =Memorias!D649 -> 105 | G36: =ROUND(F36*E36,0) -> 0 | I36: =ROUND(H36*F36,0) -> 0 | J36: =+H36+E36 -> 105 | K36: =G36+I36 -> 0 | N36: =ROUND(M36*F36,0) -> 0 | Q36: =ROUND(P36*F36,0) -> 0 | T36: =ROUND(S36*F36,0) -> 0 | V36: =+M36+P36+S36 -> 0 | W36: =+T36+Q36+N36 -> 0 | X36: =IFERROR(V36/J36,"") -> 0
A37: Carpintería en madera | Z37: =J37-V37 -> 0
A38: 15 | B38: PR-40 | C38: Desmonte de marcos en madera (puertas y/o ventanas), incluye retiro y disposición final en centro autorizado | D38: UND | E38: =Memorias!D1357 -> 32 | G38: =ROUND(F38*E38,0) -> 0 | I38: =ROUND(H38*F38,0) -> 0 | J38: =+H38+E38 -> 32 | K38: =G38+I38 -> 0 | N38: =ROUND(M38*F38,0) -> 0 | Q38: =ROUND(P38*F38,0) -> 0 | T38: =ROUND(S38*F38,0) -> 0 | V38: =+M38+P38+S38 -> 0 | W38: =+T38+Q38+N38 -> 0 | X38: =IFERROR(V38/J38,"") -> 0 | Z38: =J38-V38 -> 32 | AA38: =ROUND(Z38*F38,0) -> 0 | AB38: =IFERROR(Z38/#REF!,"")
A39: 16 | B39: PR-71 | C39: Desmonte de celosia en madera incluye retiro y dispoción final en centro de acopio autorizado, cuyas dimensiones oscilan entre 0.40m y 0.50m de alto x 0,80m y 1.00 de largo | D39: UND | E39: =Memorias!D1393 -> 26 | G39: =ROUND(F39*E39,0) -> 0 | I39: =ROUND(H39*F39,0) -> 0 | J39: =+H39+E39 -> 26 | K39: =G39+I39 -> 0 | N39: =ROUND(M39*F39,0) -> 0 | Q39: =ROUND(P39*F39,0) -> 0 | T39: =ROUND(S39*F39,0) -> 0 | V39: =+M39+P39+S39 -> 0 | W39: =+T39+Q39+N39 -> 0 | X39: =IFERROR(V39/J39,"") -> 0 | Z39: =J39-V39 -> 26 | AA39: =ROUND(Z39*F39,0) -> 0 | AB39: =IFERROR(Z39/#REF!,"")
A40: 17 | B40: PR-68 | C40: Desmonte de puerta de madera, incluye retiroy disposición final en centro de acopio autorizado | D40: UND | E40: =Memorias!D1421 -> 19 | G40: =ROUND(F40*E40,0) -> 0 | I40: =ROUND(H40*F40,0) -> 0 | J40: =+H40+E40 -> 19 | K40: =G40+I40 -> 0 | N40: =ROUND(M40*F40,0) -> 0 | Q40: =ROUND(P40*F40,0) -> 0 | T40: =ROUND(S40*F40,0) -> 0 | V40: =+M40+P40+S40 -> 0 | W40: =+T40+Q40+N40 -> 0 | X40: =IFERROR(V40/J40,"") -> 0 | Z40: =J40-V40 -> 19 | AA40: =ROUND(Z40*F40,0) -> 0 | AB40: =IFERROR(Z40/#REF!,"")
A41: 18 | B41: PR-70 | C41: Demonte de vidrio, incluye retiro y disposición final en centro de acopio autorizado | D41: M2 | E41: =Memorias!D1450 -> 30.108 | G41: =ROUND(F41*E41,0) -> 0 | I41: =ROUND(H41*F41,0) -> 0 | J41: =+H41+E41 -> 30.108 | K41: =G41+I41 -> 0 | N41: =ROUND(M41*F41,0) -> 0 | Q41: =ROUND(P41*F41,0) -> 0 | T41: =ROUND(S41*F41,0) -> 0 | V41: =+M41+P41+S41 -> 0 | W41: =+T41+Q41+N41 -> 0 | X41: =IFERROR(V41/J41,"") -> 0 | Z41: =J41-V41 -> 30.108 | AA41: =ROUND(Z41*F41,0) -> 0 | AB41: =IFERROR(Z41/#REF!,"")
A42: 19 | B42: CA-47 | C42: Mantenimiento de ventana en madera tipo celosia, incluye marco, cambio de piezas en mal estado, limpieza, masillado, barniz y pintura en poliuretano color similiar al existente, cuyas dimensiones oscilan entre 0.40m y 0.50m de alto x 0,80m y 1.00 de largo | D42: UND | E42: =Memorias!D1485 -> 4 | G42: =ROUND(F42*E42,0) -> 0 | I42: =ROUND(H42*F42,0) -> 0 | J42: =+H42+E42 -> 4 | K42: =G42+I42 -> 0 | N42: =ROUND(M42*F42,0) -> 0 | Q42: =ROUND(P42*F42,0) -> 0 | T42: =ROUND(S42*F42,0) -> 0 | V42: =+M42+P42+S42 -> 0 | W42: =+T42+Q42+N42 -> 0 | X42: =IFERROR(V42/J42,"") -> 0 | Z42: =J42-V42 -> 4 | AA42: =ROUND(Z42*F42,0) -> 0 | AB42: =IFERROR(Z42/#REF!,"")
A43: 20 | B43: CA-08 | C43: Suministro e instalación de ventana tipo celosia en madera Chanul o choibá maciza inmunizada con acabado en pintura poliuretano díseño y color similiar al existente , incluye tornilleria y todo lo necesario para su correcta instalación, cuyas medidas oscilan entre 0.40m y 0.50m de alto x 0,80m y 1.00 de largo | D43: UND | E43: =Memorias!D1511 -> 26 | G43: =ROUND(F43*E43,0) -> 0 | I43: =ROUND(H43*F43,0) -> 0 | J43: =+H43+E43 -> 26 | K43: =G43+I43 -> 0 | N43: =ROUND(M43*F43,0) -> 0 | Q43: =ROUND(P43*F43,0) -> 0 | T43: =ROUND(S43*F43,0) -> 0 | V43: =+M43+P43+S43 -> 0 | W43: =+T43+Q43+N43 -> 0 | X43: =IFERROR(V43/J43,"") -> 0
A44: 21 | B44: CA-25 | C44: Suministro e instalación de marco de madera Chanul o choibá maciza inmunizada con acabado en pintura poliuretano color similiar al existente , incluye tornilleria y todo lo necesario para su correcta instalación, cuyas medidas oscilan entre 0.80m y 1.00m de ancho x 1,90m y 2,20m de alto | D44: UND | E44: =Memorias!D1544 -> 19 | G44: =ROUND(F44*E44,0) -> 0 | I44: =ROUND(H44*F44,0) -> 0 | J44: =+H44+E44 -> 19 | K44: =G44+I44 -> 0 | N44: =ROUND(M44*F44,0) -> 0 | Q44: =ROUND(P44*F44,0) -> 0 | T44: =ROUND(S44*F44,0) -> 0 | V44: =+M44+P44+S44 -> 0 | W44: =+T44+Q44+N44 -> 0 | X44: =IFERROR(V44/J44,"") -> 0 | Z44: =J44-V44 -> 19 | AA44: =ROUND(Z44*F44,0) -> 0 | AB44: =IFERROR(Z44/#REF!,"")
A45: 22 | B45: CA-22 | C45: Suministro e instalación de puerta de madera Chanul o choibá maciza inmunizada con acabado en pintura poliuretano color similiar al existente, conformada por una nave, cuyas dimensiones oscilan entre 0.80m y 1.00m de ancho x 1.90m y 2.20 m de alto, diseño igual al existente, incluye bisagras, chapa, tragaluz, burlete, vidrio (si es necesario), tornilleria y todo lo necesario para su correcta instalación | D45: UND | E45: =Memorias!D1609 -> 19 | G45: =ROUND(F45*E45,0) -> 0 | I45: =ROUND(H45*F45,0) -> 0 | J45: =+H45+E45 -> 19 | K45: =G45+I45 -> 0 | N45: =ROUND(M45*F45,0) -> 0 | Q45: =ROUND(P45*F45,0) -> 0 | T45: =ROUND(S45*F45,0) -> 0 | V45: =+M45+P45+S45 -> 0 | W45: =+T45+Q45+N45 -> 0 | X45: =IFERROR(V45/J45,"") -> 0 | Z45: =J45-V45 -> 19 | AA45: =ROUND(Z45*F45,0) -> 0 | AB45: =IFERROR(Z45/#REF!,"")
A46: 23 | B46: VA-21 | C46: Reinstalación de vidrio | D46: M2 | E46: =Memorias!D1511 -> 26 | G46: =ROUND(F46*E46,0) -> 0 | I46: =ROUND(H46*F46,0) -> 0 | J46: =+H46+E46 -> 26 | K46: =G46+I46 -> 0 | N46: =ROUND(M46*F46,0) -> 0 | Q46: =ROUND(P46*F46,0) -> 0 | T46: =ROUND(S46*F46,0) -> 0 | V46: =+M46+P46+S46 -> 0 | W46: =+T46+Q46+N46 -> 0 | X46: =IFERROR(V46/J46,"") -> 0 | Z46: =J46-V46 -> 26 | AA46: =ROUND(Z46*F46,0) -> 0 | AB46: =IFERROR(Z46/#REF!,"")
A47: 24 | B47: VA-12 | C47: Suministro e instalacion de vidrio 8mm incoloro - incluye todos los elementos para su correcta instalación | D47: M2 | E47: =Memorias!D1609 -> 19 | G47: =ROUND(F47*E47,0) -> 0 | I47: =ROUND(H47*F47,0) -> 0 | J47: =+H47+E47 -> 19 | K47: =G47+I47 -> 0 | N47: =ROUND(M47*F47,0) -> 0 | Q47: =ROUND(P47*F47,0) -> 0 | T47: =ROUND(S47*F47,0) -> 0 | V47: =+M47+P47+S47 -> 0 | W47: =+T47+Q47+N47 -> 0 | X47: =IFERROR(V47/J47,"") -> 0 | Z47: =J47-V47 -> 19 | AA47: =ROUND(Z47*F47,0) -> 0 | AB47: =IFERROR(Z47/#REF!,"")
A48: 25 | B48: CA-36 | C48: Suministro e instalación de película de seguridad calibre 4 milésimas en puertas existentes de vidrio templado u otro, según medidas en sitio | D48: M2 | E48: =Memorias!D1642 -> 30.108 | G48: =ROUND(F48*E48,0) -> 0 | I48: =ROUND(H48*F48,0) -> 0 | J48: =+H48+E48 -> 30.108 | K48: =G48+I48 -> 0 | N48: =ROUND(M48*F48,0) -> 0 | Q48: =ROUND(P48*F48,0) -> 0 | T48: =ROUND(S48*F48,0) -> 0 | V48: =+M48+P48+S48 -> 0 | W48: =+T48+Q48+N48 -> 0 | X48: =IFERROR(V48/J48,"") -> 0 | Y48: =IFERROR(W48/J48,"") -> 0 | Z48: =J48-V48 -> 30.108 | AA48: =ROUND(Z48*F48,0) -> 0 | AB48: =IFERROR(Z48/#REF!,"")
A49: 26 | B49: CA-07 | C49: Suministro e instalación de cartera en madera con pintura en acabado en pintura poliuretano, incluye todos los elementos para su correcta instalación | D49: ML | E49: =Memorias!D1702 -> 6 | G49: =ROUND(F49*E49,0) -> 0 | I49: =ROUND(H49*F49,0) -> 0 | J49: =+H49+E49 -> 6 | K49: =G49+I49 -> 0 | N49: =ROUND(M49*F49,0) -> 0 | Q49: =ROUND(P49*F49,0) -> 0 | T49: =ROUND(S49*F49,0) -> 0 | V49: =+M49+P49+S49 -> 0 | W49: =+T49+Q49+N49 -> 0 | X49: =IFERROR(V49/J49,"") -> 0
A50: MantenimientoTerrazas | Z50: =J50-V50 -> 0
A51: 27 | B51: RI-08 | C51: Suministro e instalación de membrana pvc, incluye media caña, perlines de fijación, sello perimetral | D51: M2 | E51: =Memorias!D1727 -> 455.96 | G51: =ROUND(F51*E51,0) -> 0 | I51: =ROUND(H51*F51,0) -> 0 | J51: =+H51+E51 -> 455.96 | K51: =G51+I51 -> 0 | N51: =ROUND(M51*F51,0) -> 0 | Q51: =ROUND(P51*F51,0) -> 0 | T51: =ROUND(S51*F51,0) -> 0 | V51: =+M51+P51+S51 -> 0 | W51: =+T51+Q51+N51 -> 0 | X51: =IFERROR(V51/J51,"") -> 0 | Z51: =J51-V51 -> 455.96 | AA51: =ROUND(Z51*F51,0) -> 0 | AB51: =IFERROR(Z51/#REF!,"")
A52: 28 | B52: PR-29 | C52: Retiro de tuberia existente, incluye limpieza de perforación | D52: ML | E52: =Memorias!D1759 -> 7 | G52: =ROUND(F52*E52,0) -> 0 | I52: =ROUND(H52*F52,0) -> 0 | J52: =+H52+E52 -> 7 | K52: =G52+I52 -> 0 | N52: =ROUND(M52*F52,0) -> 0 | Q52: =ROUND(P52*F52,0) -> 0 | T52: =ROUND(S52*F52,0) -> 0 | V52: =+M52+P52+S52 -> 0 | W52: =+T52+Q52+N52 -> 0 | X52: =IFERROR(V52/J52,"") -> 0 | Z52: =J52-V52 -> 7 | AA52: =ROUND(Z52*F52,0) -> 0 | AB52: =IFERROR(Z52/#REF!,"")
A53: 29 | B53: IH-01 | C53: Suministro e instalación de tubería pvc sanitaria de 2", cincluye elementos de fijación y soporte, para su correcto funcionamiento | D53: ML | E53: =Memorias!D1790 -> 7 | G53: =ROUND(F53*E53,0) -> 0 | I53: =ROUND(H53*F53,0) -> 0 | J53: =+H53+E53 -> 7 | K53: =G53+I53 -> 0 | N53: =ROUND(M53*F53,0) -> 0 | Q53: =ROUND(P53*F53,0) -> 0 | T53: =ROUND(S53*F53,0) -> 0 | V53: =+M53+P53+S53 -> 0 | W53: =+T53+Q53+N53 -> 0 | X53: =IFERROR(V53/J53,"") -> 0 | Z53: =J53-V53 -> 7 | AA53: =ROUND(Z53*F53,0) -> 0 | AB53: =IFERROR(Z53/#REF!,"")
A54: 30 | B54: PR-04 | C54: Perforación de muro o piso en concreto y/o mamposteria para tubo de 2"-3", incluye retiro | D54: UND | E54: =Memorias!D1815 -> 2 | G54: =ROUND(F54*E54,0) -> 0 | I54: =ROUND(H54*F54,0) -> 0 | J54: =+H54+E54 -> 2 | K54: =G54+I54 -> 0 | N54: =ROUND(M54*F54,0) -> 0 | Q54: =ROUND(P54*F54,0) -> 0 | T54: =ROUND(S54*F54,0) -> 0 | V54: =+M54+P54+S54 -> 0 | W54: =+T54+Q54+N54 -> 0 | X54: =IFERROR(V54/J54,"") -> 0 | Z54: =J54-V54 -> 2 | AA54: =ROUND(Z54*F54,0) -> 0 | AB54: =IFERROR(Z54/#REF!,"")
A55: 31 | B55: RI-25 | C55: Corte y retiro de membrana pvc existente | D55: ML | E55: =Memorias!D1842 -> 227.98 | I55: =ROUND(H55*F55,0) -> 0 | K55: =G55+I55 -> 0 | N55: =ROUND(M55*F55,0) -> 0 | Q55: =ROUND(P55*F55,0) -> 0 | T55: =ROUND(S55*F55,0) -> 0 | V55: =+M55+P55+S55 -> 0 | W55: =+T55+Q55+N55 -> 0 | X55: =IFERROR(V55/J55,"")
A56: 32 | B56: AC-46 | C56: Suministro y fabricación guardaescoba en concreto en media caña 10 cm | D56: ML | E56: =Memorias!D1877 -> 227.98 | G56: =ROUND(F56*E56,0) -> 0 | I56: =ROUND(H56*F56,0) -> 0 | J56: =+H56+E56 -> 227.98 | K56: =G56+I56 -> 0 | N56: =ROUND(M56*F56,0) -> 0 | Q56: =ROUND(P56*F56,0) -> 0 | T56: =ROUND(S56*F56,0) -> 0 | V56: =+M56+P56+S56 -> 0 | W56: =+T56+Q56+N56 -> 0 | X56: =IFERROR(V56/J56,"") -> 0 | Z56: =J56-V56 -> 227.98 | AA56: =ROUND(Z56*F56,0) -> 0 | AB56: =IFERROR(Z56/#REF!,"")
A57: Tratamiento de humedades internas | Z57: =J57-V57 -> 0
A58: 33 | B58: PR-01 | C58: Rasqueteada de pintura y retiro de mortero en mal estado | D58: M2 | E58: =Memorias!D1910 -> 126 | G58: =ROUND(F58*E58,0) -> 0 | I58: =ROUND(H58*F58,0) -> 0 | J58: =+H58+E58 -> 126 | K58: =G58+I58 -> 0 | N58: =ROUND(M58*F58,0) -> 0 | Q58: =ROUND(P58*F58,0) -> 0 | T58: =ROUND(S58*F58,0) -> 0 | V58: =+M58+P58+S58 -> 0 | W58: =+T58+Q58+N58 -> 0 | X58: =IFERROR(V58/J58,"") -> 0 | Z58: =J58-V58 -> 126 | AA58: =ROUND(Z58*F58,0) -> 0 | AB58: =IFERROR(Z58/#REF!,"")
A59: 34 | B59: RI-09 | C59: Suministro e instalación de recubrimiento cementoso (Recubrimiento a base de cemento, arena y aditivos especiales), impermeable para muros color blanco | D59: M2 | E59: =Memorias!D1936 -> 126 | G59: =ROUND(F59*E59,0) -> 0 | I59: =ROUND(H59*F59,0) -> 0 | J59: =+H59+E59 -> 126 | K59: =G59+I59 -> 0 | N59: =ROUND(M59*F59,0) -> 0 | Q59: =ROUND(P59*F59,0) -> 0 | T59: =ROUND(S59*F59,0) -> 0 | V59: =+M59+P59+S59 -> 0 | W59: =+T59+Q59+N59 -> 0 | X59: =IFERROR(V59/J59,"") -> 0 | Z59: =J59-V59 -> 126 | AA59: =ROUND(Z59*F59,0) -> 0 | AB59: =IFERROR(Z59/#REF!,"")
A60: 35 | B60: AC-01 | C60: Suministro y aplicación de estuco plástico (Incluye filos y dilataciones) | D60: M2 | E60: =Memorias!D1996 -> 151.2 | G60: =ROUND(F60*E60,0) -> 0 | I60: =ROUND(H60*F60,0) -> 0 | J60: =+H60+E60 -> 151.2 | K60: =G60+I60 -> 0 | N60: =ROUND(M60*F60,0) -> 0 | Q60: =ROUND(P60*F60,0) -> 0 | T60: =ROUND(S60*F60,0) -> 0 | V60: =+M60+P60+S60 -> 0 | W60: =+T60+Q60+N60 -> 0 | X60: =IFERROR(V60/J60,"") -> 0 | Z60: =J60-V60 -> 151.2 | AA60: =ROUND(Z60*F60,0) -> 0 | AB60: =IFERROR(Z60/#REF!,"")
A61: 36 | B61: AC-03 | C61: Suministro y aplicación de vinilo tipo 1 (2 manos)(Incluye filos y dilataciones) | D61: M2 | E61: =Memorias!D2020 -> 252 | G61: =ROUND(F61*E61,0) -> 0 | I61: =ROUND(H61*F61,0) -> 0 | J61: =+H61+E61 -> 252 | K61: =G61+I61 -> 0 | N61: =ROUND(M61*F61,0) -> 0 | Q61: =ROUND(P61*F61,0) -> 0 | T61: =ROUND(S61*F61,0) -> 0 | V61: =+M61+P61+S61 -> 0 | W61: =+T61+Q61+N61 -> 0 | X61: =IFERROR(V61/J61,"") -> 0 | Z61: =J61-V61 -> 252 | AA61: =ROUND(Z61*F61,0) -> 0 | AB61: =IFERROR(Z61/#REF!,"")
A62: 37 | B62: AC-05 | C62: Suministro y aplicación de pintura en esmalte(Incluye filos y dilataciones) | D62: M2 | E62: =Memorias!D2045 -> 14.4 | G62: =ROUND(F62*E62,0) -> 0 | I62: =ROUND(H62*F62,0) -> 0 | J62: =+H62+E62 -> 14.4 | K62: =G62+I62 -> 0 | N62: =ROUND(M62*F62,0) -> 0 | Q62: =ROUND(P62*F62,0) -> 0 | T62: =ROUND(S62*F62,0) -> 0 | V62: =+M62+P62+S62 -> 0 | W62: =+T62+Q62+N62 -> 0 | X62: =IFERROR(V62/J62,"") -> 0 | Z62: =J62-V62 -> 14.4 | AA62: =ROUND(Z62*F62,0) -> 0 | AB62: =IFERROR(Z62/#REF!,"")
A63: 38 | B63: AC-06 | C63: Suministro y aplicación de pintura cielo vinilo tipo 2 | D63: M2 | E63: =Memorias!D2068 -> 540 | G63: =ROUND(F63*E63,0) -> 0 | I63: =ROUND(H63*F63,0) -> 0 | J63: =+H63+E63 -> 540 | K63: =G63+I63 -> 0 | N63: =ROUND(M63*F63,0) -> 0 | Q63: =ROUND(P63*F63,0) -> 0 | T63: =ROUND(S63*F63,0) -> 0 | V63: =+M63+P63+S63 -> 0 | W63: =+T63+Q63+N63 -> 0 | X63: =IFERROR(V63/J63,"") -> 0 | Z63: =J63-V63 -> 540 | AA63: =ROUND(Z63*F63,0) -> 0 | AB63: =IFERROR(Z63/#REF!,"")
A64: 39 | B64: PR-01 | C64: Rasqueteada de pintura y retiro de mortero en mal estado | D64: ML | E64: =Memorias!D2130 -> 10 | G64: =ROUND(F64*E64,0) -> 0 | I64: =ROUND(H64*F64,0) -> 0 | J64: =+H64+E64 -> 10 | K64: =G64+I64 -> 0 | N64: =ROUND(M64*F64,0) -> 0 | Q64: =ROUND(P64*F64,0) -> 0 | T64: =ROUND(S64*F64,0) -> 0 | V64: =+M64+P64+S64 -> 0 | W64: =+T64+Q64+N64 -> 0 | X64: =IFERROR(V64/J64,"") -> 0 | Z64: =J64-V64 -> 10 | AA64: =ROUND(Z64*F64,0) -> 0 | AB64: =IFERROR(Z64/#REF!,"")
A65: 40 | B65: RI-09 | C65: Suministro e instalación de recubrimiento cementoso (Recubrimiento a base de cemento, arena y aditivos especiales), impermeable para muros color blanco | D65: ML | E65: =Memorias!D2153 -> 10 | G65: =ROUND(F65*E65,0) -> 0 | I65: =ROUND(H65*F65,0) -> 0 | J65: =+H65+E65 -> 10 | K65: =G65+I65 -> 0 | N65: =ROUND(M65*F65,0) -> 0 | Q65: =ROUND(P65*F65,0) -> 0 | T65: =ROUND(S65*F65,0) -> 0 | V65: =+M65+P65+S65 -> 0 | W65: =+T65+Q65+N65 -> 0 | X65: =IFERROR(V65/J65,"") -> 0 | Z65: =J65-V65 -> 10 | AA65: =ROUND(Z65*F65,0) -> 0 | AB65: =IFERROR(Z65/#REF!,"")
A66: 41 | B66: AC-01 | C66: Suministro y aplicación de estuco plástico | D66: ML | E66: =Memorias!D2244 -> 12 | G66: =ROUND(F66*E66,0) -> 0 | I66: =ROUND(H66*F66,0) -> 0 | J66: =+H66+E66 -> 12 | K66: =G66+I66 -> 0 | N66: =ROUND(M66*F66,0) -> 0 | Q66: =ROUND(P66*F66,0) -> 0 | T66: =ROUND(S66*F66,0) -> 0 | V66: =+M66+P66+S66 -> 0 | W66: =+T66+Q66+N66 -> 0 | X66: =IFERROR(V66/J66,"") -> 0 | Z66: =J66-V66 -> 12 | AA66: =ROUND(Z66*F66,0) -> 0 | AB66: =IFERROR(Z66/#REF!,"")
A67: 42 | B67: AC-17 | C67: Suministro y aplicación de vinilo tipo 2 (3 manos) | D67: ML | E67: =Memorias!D2267 -> 20 | G67: =ROUND(F67*E67,0) -> 0 | I67: =ROUND(H67*F67,0) -> 0 | J67: =+H67+E67 -> 20 | K67: =G67+I67 -> 0 | N67: =ROUND(M67*F67,0) -> 0 | Q67: =ROUND(P67*F67,0) -> 0 | T67: =ROUND(S67*F67,0) -> 0 | V67: =+M67+P67+S67 -> 0 | W67: =+T67+Q67+N67 -> 0 | X67: =IFERROR(V67/J67,"") -> 0 | Z67: =J67-V67 -> 20 | AA67: =ROUND(Z67*F67,0) -> 0 | AB67: =IFERROR(Z67/#REF!,"")
A68: 43 | B68: AC-07 | C68: Suministro y aplicación de pintura en esmalte | D68: ML | E68: =Memorias!D2293 -> 12 | G68: =ROUND(F68*E68,0) -> 0 | I68: =ROUND(H68*F68,0) -> 0 | J68: =+H68+E68 -> 12 | K68: =G68+I68 -> 0 | N68: =ROUND(M68*F68,0) -> 0 | Q68: =ROUND(P68*F68,0) -> 0 | T68: =ROUND(S68*F68,0) -> 0 | V68: =+M68+P68+S68 -> 0 | W68: =+T68+Q68+N68 -> 0 | X68: =IFERROR(V68/J68,"") -> 0 | Z68: =J68-V68 -> 12 | AA68: =ROUND(Z68*F68,0) -> 0 | AB68: =IFERROR(Z68/#REF!,"")
A69: Almacenamiento | Z69: =J69-V69 -> 0
A70: 44 | B70: DI-29 | C70: Suministro y fabricación de viga de cimentación en concreto cuyas medidas son 20 cm x 25 cm de alto, incluye acero de refuerzo | D70: M3 | E70: =Memorias!D2351 -> 8.25 | G70: =ROUND(F70*E70,0) -> 0 | I70: =ROUND(H70*F70,0) -> 0 | J70: =+H70+E70 -> 8.25 | K70: =G70+I70 -> 0 | N70: =ROUND(M70*F70,0) -> 0 | Q70: =ROUND(P70*F70,0) -> 0 | T70: =ROUND(S70*F70,0) -> 0 | V70: =+M70+P70+S70 -> 0 | W70: =+T70+Q70+N70 -> 0 | X70: =IFERROR(V70/J70,"") -> 0
A71: 45 | B71: VA-62 | C71: Suministro e instalación de contenedor o modulo metalico cuyas medidas son 2,40m de ancho x 4,00m de largo, incluye acabado con Sistema epóxico anticorrosivo (tipo marino o industrial), Capa de acabado (esmalte o epóxico) y piso delight vinílico para tráfico pesado, con panel solar,además todos los elementos, materiales, equipos, mano de obra, transporte, cargue, descargue, izaje (si se requiere), anclaje y fijación en sitio. | D71: UND | E71: =Memorias!D2578 -> 1 | G71: =ROUND(F71*E71,0) -> 0 | I71: =ROUND(H71*F71,0) -> 0 | J71: =+H71+E71 -> 1 | K71: =G71+I71 -> 0 | N71: =ROUND(M71*F71,0) -> 0 | Q71: =ROUND(P71*F71,0) -> 0 | T71: =ROUND(S71*F71,0) -> 0 | V71: =+M71+P71+S71 -> 0 | W71: =+T71+Q71+N71 -> 0 | X71: =IFERROR(V71/J71,"") -> 0
A72: 46 | B72: PR-57 | C72: Adecuación de terreno hasta 20 cm incluye relleno y todo lo necesario para la respectiva nivelación del terreno | D72: M2 | E72: =Memorias!D2614 -> 12.5 | G72: =ROUND(F72*E72,0) -> 0 | I72: =ROUND(H72*F72,0) -> 0 | J72: =+H72+E72 -> 12.5 | K72: =G72+I72 -> 0 | N72: =ROUND(M72*F72,0) -> 0 | Q72: =ROUND(P72*F72,0) -> 0 | T72: =ROUND(S72*F72,0) -> 0 | V72: =+M72+P72+S72 -> 0 | W72: =+T72+Q72+N72 -> 0 | X72: =IFERROR(V72/J72,"") -> 0
A73: 47 | B73: DI-01 | C73: Fundicion de Losa en concreto de 3000 PSI espesor de 0,15 , incluye formaleta, acero de refuerzo en lamina electrosoldada | D73: M2 | E73: =Memorias!D2680 -> 12.5 | G73: =ROUND(F73*E73,0) -> 0 | I73: =ROUND(H73*F73,0) -> 0 | J73: =+H73+E73 -> 12.5 | K73: =G73+I73 -> 0 | N73: =ROUND(M73*F73,0) -> 0 | Q73: =ROUND(P73*F73,0) -> 0 | T73: =ROUND(S73*F73,0) -> 0 | V73: =+M73+P73+S73 -> 0 | W73: =+T73+Q73+N73 -> 0 | X73: =IFERROR(V73/J73,"") -> 0
A74: Varios | Z74: =J74-V74 -> 0
A75: 48 | B75: VA-05 | C75: Aseo general | D75: M2 | E75: =Memorias!D2887 -> 1308.9048 | G75: =ROUND(F75*E75,0) -> 0 | I75: =ROUND(H75*F75,0) -> 0 | J75: =+H75+E75 -> 1308.9048 | K75: =G75+I75 -> 0 | N75: =ROUND(M75*F75,0) -> 0 | Q75: =ROUND(P75*F75,0) -> 0 | T75: =ROUND(S75*F75,0) -> 0 | V75: =+M75+P75+S75 -> 0 | W75: =+T75+Q75+N75 -> 0 | X75: =IFERROR(V75/J75,"") -> 0 | Z75: =J75-V75 -> 1308.9048 | AA75: =ROUND(Z75*#REF!,0) -> #REF! | AB75: =IFERROR(Z75/#REF!,"")
A76: 49 | B76: VA-22 | C76: suministro e instalación de empaques nuevos (tipo caucho o silicona), garantizando un adecuado sellado, hermeticidad y correcto funcionamiento de las ventanas. | D76: ML | E76: =Memorias!D2910 -> 1790.25 | G76: =ROUND(F76*E76,0) -> 0 | I76: =ROUND(H76*F76,0) -> 0 | J76: =+H76+E76 -> 1790.25 | K76: =G76+I76 -> 0 | N76: =ROUND(M76*F76,0) -> 0 | Q76: =ROUND(P76*F76,0) -> 0 | T76: =ROUND(S76*F76,0) -> 0 | V76: =+M76+P76+S76 -> 0 | W76: =+T76+Q76+N76 -> 0 | X76: =IFERROR(V76/J76,"") -> 0 | Z76: =J76-V76 -> 1790.25 | AA76: =ROUND(Z76*F75,0) -> 0 | AB76: =IFERROR(Z76/#REF!,"")
A77: 50 | B77: VA-23 | C77: Suministro e instalacion de ducto en la lamina galvanizada calibre 20, seccion 33" x 27", incluye adhesivo, tornilleria y demas elementos para su instalacion o union a ducto existente para sistema de desfogue ( Generador Electrico ) | D77: ML | E77: =Memorias!D2945 -> 30 | G77: =ROUND(F77*E77,0) -> 0 | I77: =ROUND(H77*F77,0) -> 0 | J77: =+H77+E77 -> 30 | K77: =G77+I77 -> 0 | N77: =ROUND(M77*F77,0) -> 0 | Q77: =ROUND(P77*F77,0) -> 0 | T77: =ROUND(S77*F77,0) -> 0 | V77: =+M77+P77+S77 -> 0 | W77: =+T77+Q77+N77 -> 0 | X77: =IFERROR(V77/J77,"") -> 0
A78: 51 | B78: VA-19 | C78: Suministro e instalación de dispensador para papel higienico elaborado en acero inoxidable para rollo de 200 mts hasta 400 mts. Con visor para ve el estado del rollo, con cerradura y llave. Incluye los elementos necesarios para su correcta instaalción | D78: UND | E78: =Memorias!D2964 -> 12 | G78: =ROUND(F78*E78,0) -> 0 | I78: =ROUND(H78*F78,0) -> 0 | J78: =+H78+E78 -> 12 | K78: =G78+I78 -> 0 | N78: =ROUND(M78*F78,0) -> 0 | Q78: =ROUND(P78*F78,0) -> 0 | T78: =ROUND(S78*F78,0) -> 0 | V78: =+M78+P78+S78 -> 0 | W78: =+T78+Q78+N78 -> 0 | X78: =IFERROR(V78/J78,"") -> 0
A79: 52 | B79: VA-20 | C79: Suministro e instalación de dispensador para toallas de manos elaborado en acero inoxidable, para toallas interdobladas con capacidad minima de 300 toallas, con mecanismo para halar con la mano, con cerradura y llave. Incluye los elementos necesarios para su correcta instaalción | D79: UND | E79: =Memorias!D2986 -> 15 | G79: =ROUND(F79*E79,0) -> 0 | I79: =ROUND(H79*F79,0) -> 0 | J79: =+H79+E79 -> 15 | K79: =G79+I79 -> 0 | N79: =ROUND(M79*F79,0) -> 0 | Q79: =ROUND(P79*F79,0) -> 0 | T79: =ROUND(S79*F79,0) -> 0 | V79: =+M79+P79+S79 -> 0 | W79: =+T79+Q79+N79 -> 0 | X79: =IFERROR(V79/J79,"") -> 0
A80: 53 | B80: VA-24 | C80: suministro e instalación de señalización horizontal en inicio de rampa (Símbolo de discapacidad (PMR) conforme a normativa vigente) | D80: UND | E80: =Memorias!D3008 -> 1 | G80: =ROUND(F80*E80,0) -> 0 | I80: =ROUND(H80*F80,0) -> 0 | J80: =+H80+E80 -> 1 | K80: =G80+I80 -> 0 | N80: =ROUND(M80*F80,0) -> 0 | Q80: =ROUND(P80*F80,0) -> 0 | T80: =ROUND(S80*F80,0) -> 0 | V80: =+M80+P80+S80 -> 0 | W80: =+T80+Q80+N80 -> 0 | X80: =IFERROR(V80/J80,"") -> 0
A81: Sistema de Drenaje y Adecuación zona verde | Z81: =J81-V81 -> 0
A82: 54 | B82: VA-25 | C82: Mantenimiento de zona verde, incluye limpieza, corte de césped, control de plagas, riego, fertilización | D82: M2 | E82: =Memorias!D3028 -> 800 | G82: =E82*F82 -> 0 | I82: =ROUND(H82*F82,0) -> 0 | J82: =+H82+E82 -> 800 | K82: =G82+I82 -> 0 | N82: =ROUND(M82*F82,0) -> 0 | Q82: =ROUND(P82*F82,0) -> 0 | T82: =ROUND(S82*F82,0) -> 0 | V82: =+M82+P82+S82 -> 0 | W82: =+T82+Q82+N82 -> 0 | X82: =IFERROR(V82/J82,"") -> 0
A83: 55 | B83: VA-26 | C83: Corfomacion de suelo por capas: tierra negra con abono orgánico, arena gruesa y grava 3/4 | D83: M2 | E83: =Memorias!D3050 -> 400 | G83: =E83*F83 -> 0 | I83: =ROUND(H83*F83,0) -> 0 | J83: =+H83+E83 -> 400 | K83: =G83+I83 -> 0 | N83: =ROUND(M83*F83,0) -> 0 | Q83: =ROUND(P83*F83,0) -> 0 | T83: =ROUND(S83*F83,0) -> 0 | V83: =+M83+P83+S83 -> 0 | W83: =+T83+Q83+N83 -> 0 | X83: =IFERROR(V83/J83,"") -> 0
A84: 56 | B84: VA-27 | C84: Fabricación de sendero en piedra, adoquín o gravilla), incluye excavación, adecuación terreno, nivelación, manto, cama de arena, bordillo o delimitador, drenajes) | D84: M2 | E84: =Memorias!D3072 -> 250 | G84: =E84*F84 -> 0 | I84: =ROUND(H84*F84,0) -> 0 | J84: =+H84+E84 -> 250 | K84: =G84+I84 -> 0 | N84: =ROUND(M84*F84,0) -> 0 | Q84: =ROUND(P84*F84,0) -> 0 | T84: =ROUND(S84*F84,0) -> 0 | V84: =+M84+P84+S84 -> 0 | W84: =+T84+Q84+N84 -> 0 | X84: =IFERROR(V84/J84,"") -> 0
A85: 57 | B85: VA-28 | C85: Siembra de césped | D85: M2 | E85: =Memorias!D3094 -> 400 | G85: =E85*F85 -> 0 | I85: =ROUND(H85*F85,0) -> 0 | J85: =+H85+E85 -> 400 | K85: =G85+I85 -> 0 | N85: =ROUND(M85*F85,0) -> 0 | Q85: =ROUND(P85*F85,0) -> 0 | T85: =ROUND(S85*F85,0) -> 0 | V85: =+M85+P85+S85 -> 0 | W85: =+T85+Q85+N85 -> 0 | X85: =IFERROR(V85/J85,"") -> 0
A86: 58 | B86: VA-29 | C86: Suministro y plantación de arbustos y plantas ornamentales (arbol carbonero, arbol Guayacan amarillo, planta hibisco, heliconia, ave del paraiso , palma areca) | D86: UND | E86: =Memorias!D3094 -> 400 | G86: =E86*F86 -> 0 | I86: =ROUND(H86*F86,0) -> 0 | J86: =+H86+E86 -> 400 | K86: =G86+I86 -> 0 | N86: =ROUND(M86*F86,0) -> 0 | Q86: =ROUND(P86*F86,0) -> 0 | T86: =ROUND(S86*F86,0) -> 0 | V86: =+M86+P86+S86 -> 0 | W86: =+T86+Q86+N86 -> 0 | X86: =IFERROR(V86/J86,"") -> 0
A87: Ventilación tanque de agua | N87: =ROUND(M87*F87,0) -> 0 | Q87: =ROUND(P87*F87,0) -> 0 | T87: =ROUND(S87*F87,0) -> 0 | V87: =+M87+P87+S87 -> 0 | W87: =+T87+Q87+N87 -> 0 | X87: =IFERROR(V87/J87,"")
A88: 59 | B88: VA-31 | C88: Perforación de muro para paso de tuberia 6" | D88: UND | E88: =Memorias!D3138 -> 3 | G88: =ROUND(F88*E88,0) -> 0 | I88: =ROUND(H88*F88,0) -> 0 | J88: =+H88+E88 -> 3 | K88: =G88+I88 -> 0 | N88: =ROUND(M88*F88,0) -> 0 | Q88: =ROUND(P88*F88,0) -> 0 | T88: =ROUND(S88*F88,0) -> 0 | V88: =+M88+P88+S88 -> 0 | W88: =+T88+Q88+N88 -> 0 | X88: =IFERROR(V88/J88,"") -> 0
A89: 60 | B89: VA-32 | C89: Suministro e instalación tubería de ventilación de 6", incluye accesorios para su correcta instalación y elementos de fijación | D89: ML | E89: =Memorias!D3160 -> 10 | G89: =ROUND(F89*E89,0) -> 0 | I89: =ROUND(H89*F89,0) -> 0 | J89: =+H89+E89 -> 10 | K89: =G89+I89 -> 0 | N89: =ROUND(M89*F89,0) -> 0 | Q89: =ROUND(P89*F89,0) -> 0 | T89: =ROUND(S89*F89,0) -> 0 | V89: =+M89+P89+S89 -> 0 | W89: =+T89+Q89+N89 -> 0 | X89: =IFERROR(V89/J89,"") -> 0
A90: 61 | B90: CA-48 | C90: Suministro e instalación de celosía en aluminio cuyas medidas oscilan entre 0,20m de altura x 0,60m y 1.00m de largo, , incluyendo estructura de soporte (marco), elementos de fijación, anclajes y refuerzos necesarios para su correcta instalación, asi mismo, Incluye aplicación de imprimante tipo wash primer o promotor de adherencia para aluminio, y acabado con pintura de alto desempeño tipo poliéster, poliuretano o sistema electrostático (pintura en polvo), mínimo dos capas, apta para exposición exterior y ambiente marino, garantizando durabilidad, resistencia a la corrosión y adecuado acabado. | D90: ML | E90: =Memorias!D3182 -> 18 | G90: =ROUND(F90*E90,0) -> 0 | I90: =ROUND(H90*F90,0) -> 0 | J90: =+H90+E90 -> 18 | K90: =G90+I90 -> 0 | N90: =ROUND(M90*F90,0) -> 0 | Q90: =ROUND(P90*F90,0) -> 0 | T90: =ROUND(S90*F90,0) -> 0 | V90: =+M90+P90+S90 -> 0 | W90: =+T90+Q90+N90 -> 0 | X90: =IFERROR(V90/J90,"") -> 0
A91: SUBTOTAL COSTO DIRECTO | I91: =SUM(I18:I90) -> 0 | K91: =+I91+G91 -> 0 | N91: =SUM(N21:N90) -> 0 | Q91: =SUM(Q18:Q90) -> 0 | T91: =SUM(T18:T90) -> 0 | W91: =SUM(W18:W90) -> 0 | AA91: =SUM(AA18:AA86) -> #REF!
A92: ADMINISTRACION | F92: 0.28 | G92: =+ROUND(G$91*$F92,0) -> 0 | I92: =+ROUND(I$91*$F92,0) -> 0 | K92: =+I92+G92 -> 0 | N92: =ROUND(+(N$91*$F92),0) -> 0 | Q92: =+ROUND(Q$91*$F92,0) -> 0 | T92: =+ROUND(T$91*$F92,0) -> 0 | W92: =+ROUND(W$91*$F92,0) -> 0 | AA92: =+ROUND(AA$91*$F92,0) -> #REF!
A93: IMPREVISTO | F93: 0.01 | G93: =+ROUND(G$91*$F93,0) -> 0 | I93: =+ROUND(I$91*$F93,0) -> 0 | K93: =+I93+G93 -> 0 | N93: =ROUND(+(N$91*$F93),0) -> 0 | Q93: =+ROUND(Q$91*$F93,0) -> 0 | T93: =+ROUND(T$91*$F93,0) -> 0 | W93: =+ROUND(W$91*$F93,0) -> 0 | AA93: =+ROUND(AA$91*$F93,0) -> #REF!
A94: UTILIDAD | F94: 0.05 | G94: =+ROUND(G$91*$F94,0) -> 0 | I94: =+ROUND(I$91*$F94,0) -> 0 | K94: =+I94+G94 -> 0 | N94: =ROUND(+(N$91*$F94),0) -> 0 | Q94: =+ROUND(Q$91*$F94,0) -> 0 | T94: =+ROUND(T$91*$F94,0) -> 0 | W94: =+ROUND(W$91*$F94,0) -> 0 | AA94: =+ROUND(AA$91*$F94,0) -> #REF!
A95: IVA SOBRE UTILIDAD | F95: 0.19 | G95: =+ROUND(G$94*$F95,0) -> 0 | I95: =+ROUND(I$94*$F95,0) -> 0 | K95: =+I95+G95 -> 0 | N95: =ROUND(+(N$94*$F95),0) -> 0 | Q95: =+ROUND(Q$94*$F95,0) -> 0 | T95: =+ROUND(T$94*$F95,0) -> 0 | W95: =+ROUND(W$94*$F95,0) -> 0 | AA95: =+ROUND(AA$94*$F95,0) -> #REF!
A96: VALOR TOTAL INCLUIDO AIU E IVA (A) | G96: =SUM(G91:G95) -> 0 | I96: =SUM(I91:I95) -> 0 | K96: =SUM(K91:K95) -> 0 | N96: =SUM(N91:N95) -> 0 | Q96: =SUM(Q91:Q95) -> 0 | T96: =SUM(T91:T95) -> 0 | W96: =SUM(W91:W95) -> 0 | AA96: =SUM(AA91:AA95) -> #REF!
A98: SEDE TRANSFERENCIA BUENAVENTURA | F98: OFERTA ECONOMICA | H98: Modificación | J98: Total a Ejecutar | M98: 1 | P98: 2 | S98: 3 | V98: ACUMULADO | Z98: PENDIENTE POR EJECUTAR
A99: ITEM | B99: ID | C99: DESCRIPCIÓN | D99: UNIDAD | E99: CANTIDAD | F99: V/UNITARIO PROMEDIO DEFINITIVO | G99: V/TOTAL | H99: CANT. | I99: VALOR | J99: CANT. | K99: VALOR | M99: CANT. | N99: VALOR | P99: CANT. | Q99: VALOR | S99: CANT. | T99: VALOR | V99: CANT. | W99: VALOR | X99: % | Z99: CANT. | AA99: VALOR | AB99: %
A100: Cubierta
A101: 62 | B101: PR-66 | C101: Sumnistro e instalación de cubierta provisional en plastico o lona, incluye cuerda perimetral,alambre, bastidor y todo lo necesario para su correcta instalación y su posterior retiro. | D101: M2 | E101: =Memorias!D3205 -> 672 | G101: =ROUND(F101*E101,0) -> 0 | I101: =ROUND(H101*F101,0) -> 0 | J101: =+H101+E101 -> 672 | K101: =G101+I101 -> 0 | N101: =ROUND(+(N$94*$F101),0) -> 0 | Q101: =ROUND(P101*F101,0) -> 0 | T101: =ROUND(S101*F101,0) -> 0 | V101: =+M101+P101+S101 -> 0 | W101: =+T101+Q101+N101 -> 0 | X101: =IFERROR(V101/J101,"") -> 0 | Z101: =J101-V101 -> 672 | AA101: =ROUND(Z101*F101,0) -> 0 | AB101: =IFERROR(Z101/#REF!,"")
A102: 63 | B102: PR-72 | C102: Desmonte de teja existente , incluye estructura en mal estado y respectivo retiro y disposición final en centro de acopio certificado | D102: M2 | E102: =Memorias!D3227 -> 644.5 | G102: =ROUND(F102*E102,0) -> 0 | I102: =ROUND(H102*F102,0) -> 0 | J102: =+H102+E102 -> 644.5 | K102: =G102+I102 -> 0 | N102: =ROUND(+(N$94*$F102),0) -> 0 | Q102: =ROUND(P102*F102,0) -> 0 | T102: =ROUND(S102*F102,0) -> 0 | V102: =+M102+P102+S102 -> 0 | W102: =+T102+Q102+N102 -> 0 | X102: =IFERROR(V102/J102,"") -> 0 | Z102: =J102-V102 -> 644.5 | AA102: =ROUND(Z102*F102,0) -> 0 | AB102: =IFERROR(Z102/#REF!,"")
A103: 64 | B103: CC-20 | C103: Suministro e instalación de platina 3/8 cuyas medidas son 15 cm x 15cm , incluye materiales complementarios de conexión, , corte, soldadura, anclajes, cartelas, tornillos | D103: UND | E103: =Memorias!D3250 -> 48 | G103: =ROUND(F103*E103,0) -> 0 | I103: =ROUND(H103*F103,0) -> 0 | J103: =+H103+E103 -> 48 | K103: =G103+I103 -> 0 | N103: =ROUND(+(N$94*$F103),0) -> 0 | Q103: =ROUND(P103*F103,0) -> 0 | T103: =ROUND(S103*F103,0) -> 0 | V103: =+M103+P103+S103 -> 0 | W103: =+T103+Q103+N103 -> 0 | X103: =IFERROR(V103/J103,"") -> 0 | Z103: =J103-V103 -> 48
A104: 65 | B104: CC-20 | C104: Suministro e instalación de platina 3/8 cuyas medidas son 20 cm x 20 cm, incluye materiales complementarios de conexión, , corte, soldadura, anclajes, cartelas, tornillos | D104: UND | E104: =Memorias!D3272 -> 10 | G104: =ROUND(F104*E104,0) -> 0 | I104: =ROUND(H104*F104,0) -> 0 | J104: =+H104+E104 -> 10 | K104: =G104+I104 -> 0 | N104: =ROUND(+(N$94*$F104),0) -> 0 | Q104: =ROUND(P104*F104,0) -> 0 | T104: =ROUND(S104*F104,0) -> 0 | V104: =+M104+P104+S104 -> 0 | W104: =+T104+Q104+N104 -> 0 | X104: =IFERROR(V104/J104,"") -> 0
A105: 66 | B105: CC-14 | C105: Suministro, fabricación e instalación de estructura metálica para soporte de cubierta, elaborada en tubería rectangular de 100 mm x 50 mm y espesor calibre 2 mm, incluyendo corte, armado, soldadura, fijación, nivelación, anclajes, aplicación de pintura anticorrosiva tipo 3 en 1 y todos los elementos y accesorios necesarios para su correcta instalación y funcionamiento | D105: ML | E105: =Memorias!D3294 -> 69.02 | G105: =ROUND(F105*E105,0) -> 0 | I105: =ROUND(H105*F105,0) -> 0 | J105: =+H105+E105 -> 69.02 | K105: =G105+I105 -> 0 | N105: =ROUND(+(N$94*$F105),0) -> 0 | Q105: =ROUND(P105*F105,0) -> 0 | T105: =ROUND(S105*F105,0) -> 0 | V105: =+M105+P105+S105 -> 0 | W105: =+T105+Q105+N105 -> 0 | X105: =IFERROR(V105/J105,"") -> 0 | Z105: =J105-V105 -> 69.02
A106: 67 | B106: CC-15 | C106: Suministro, fabricación e instalación de estructura metálica para soporte de cubierta, elaborada en tubería rectangular de 80 mm x 40 mm y espesor calibre 2 mm, incluyendo corte, armado, soldadura, fijación, nivelación, anclajes, aplicación de pintura anticorrosiva tipo 3 en 1 y todos los elementos y accesorios necesarios para su correcta instalación y funcionamiento | D106: ML | E106: =Memorias!D3316 -> 479.83 | G106: =ROUND(F106*E106,0) -> 0 | I106: =ROUND(H106*F106,0) -> 0 | J106: =+H106+E106 -> 479.83 | K106: =G106+I106 -> 0 | N106: =ROUND(+(N$94*$F106),0) -> 0 | Q106: =ROUND(P106*F106,0) -> 0 | T106: =ROUND(S106*F106,0) -> 0 | V106: =+M106+P106+S106 -> 0 | W106: =+T106+Q106+N106 -> 0 | X106: =IFERROR(V106/J106,"") -> 0 | Y106: =IFERROR(W106/J106,"") -> 0 | Z106: =J106-V106 -> 479.83 | AA106: =ROUND(Z106*F106,0) -> 0 | AB106: =IFERROR(Z106/#REF!,"")
...

Sheet Memorias
D5: Consejo Superior de la Judicatura Dirección Seccional de Administración Judicial de Cali – Valle del Cauca
B6: MEMORIA DE CÁLCULO DE EJECUCIÓN
B7: DESCRIPCIÓN | D7: =VLOOKUP(B9,Buenaventura!A22:G242,3,FALSE) -> Desmonte de acabado superior en madera del Pasamanos, incluye disposición final en centro de acopio certificado
B8: ITEM | D8: CANTIDAD TOTAL | E8: UNIDAD | I8: PLANO DE CANTIDADES | L8: REGISTRO FOTOGRAFICO
B9: 1 | C9: =VLOOKUP(B9,Buenaventura!A22:G242,2,FALSE) -> PR-36 | D9: =SUM(H12:H28) -> 55.1 | E9: =VLOOKUP(B9,Buenaventura!A22:G241,4,FALSE) -> ML
B11: elemento | C11: Ubicación | D11: Cantidad | E11: Ancho | F11: Largo | G11: Alto | H11: total
B12: pasamanos escalera | C12: piso 1 | D12: 2 | F12: =1.36*1.6 -> 2.176 | H12: =D12*F12 -> 4.352
D13: 1 | F13: 4 | H13: =D13*F13 -> 4
D14: 2 | F14: =3*1.6 -> 4.8 | H14: =D14*F14 -> 9.6
C15: piso 2 | D15: 1 | F15: =1.53*1.6 -> 2.448 | H15: =D15*F15 -> 2.448
D16: 1 | F16: =1.58*1.6 -> 2.528 | H16: =D16*F16 -> 2.528
D17: 1 | F17: =1.2*1.6 -> 1.92 | H17: =D17*F17 -> 1.92
C18: piso 3 | D18: 1 | F18: =1.53*1.6 -> 2.448 | H18: =D18*F18 -> 2.448
D19: 1 | F19: =1.58*1.6 -> 2.528 | H19: =D19*F19 -> 2.528
D20: 1 | F20: =1.2*1.6 -> 1.92 | H20: =D20*F20 -> 1.92
C21: mezanine | D21: 1 | F21: 1.14 | H21: =D21*F21 -> 1.14
D22: 1 | F22: =2.2*1.6 -> 3.52 | H22: =D22*F22 -> 3.52
C23: piso 4 | D23: 1 | F23: =1.53*1.6 -> 2.448 | H23: =D23*F23 -> 2.448
D24: 1 | F24: =1.58*1.6 -> 2.528 | H24: =D24*F24 -> 2.528
D25: 1 | F25: =1.2*1.6 -> 1.92 | H25: =D25*F25 -> 1.92
C26: A terraza | D26: 2 | F26: =3*1.6 -> 4.8 | H26: =D26*F26 -> 9.6
D27: 1 | F27: 2.2 | H27: =D27*F27 -> 2.2
B36: Realizó
D40: Consejo Superior de la Judicatura Dirección Seccional de Administración Judicial de Cali – Valle del Cauca
B41: MEMORIA DE CÁLCULO DE EJECUCIÓN
B42: DESCRIPCIÓN | D42: =VLOOKUP(B44,Buenaventura!A9:G264,3,FALSE) -> Suministro e Instalación acabado superior para Pasamanos en Madera Chanul o choibá maciza inmunizada, con sección semitubular 0,08 x 0,10 con barniz y pintura poliuretano diseño y color similar al existente , incluye tornillería y todo lo necesario para su correcta instalación
B43: ITEM | D43: CANTIDAD TOTAL | E43: UNIDAD | I43: PLANO DE CANTIDADES | L43: REGISTRO FOTOGRAFICO
B44: 2 | C44: =VLOOKUP(B44,Buenaventura!A9:G264,2,FALSE) -> CA-41 | D44: =SUM(H47:H62) -> 55.1 | E44: =VLOOKUP(B44,Buenaventura!A9:G263,4,FALSE) -> ML
B47: pasamanos escalera | C47: piso 1 | D47: 2 | F47: =1.36*1.6 -> 2.176 | H47: =D47*F47 -> 4.352
D48: 1 | F48: 4 | H48: =D48*F48 -> 4
D49: 2 | F49: =3*1.6 -> 4.8 | H49: =D49*F49 -> 9.6
C50: piso 2 | D50: 1 | F50: =1.53*1.6 -> 2.448 | H50: =D50*F50 -> 2.448
D51: 1 | F51: =1.58*1.6 -> 2.528 | H51: =D51*F51 -> 2.528
D52: 1 | F52: =1.2*1.6 -> 1.92 | H52: =D52*F52 -> 1.92
C53: piso 3 | D53: 1 | F53: =1.53*1.6 -> 2.448 | H53: =D53*F53 -> 2.448
D54: 1 | F54: =1.58*1.6 -> 2.528 | H54: =D54*F54 -> 2.528
D55: 1 | F55: =1.2*1.6 -> 1.92 | H55: =D55*F55 -> 1.92
C56: mezanine | D56: 1 | F56: 1.14 | H56: =D56*F56 -> 1.14
D57: 1 | F57: =2.2*1.6 -> 3.52 | H57: =D57*F57 -> 3.52
C58: piso 4 | D58: 1 | F58: =1.53*1.6 -> 2.448 | H58: =D58*F58 -> 2.448
D59: 1 | F59: =1.58*1.6 -> 2.528 | H59: =D59*F59 -> 2.528
D60: 1 | F60: =1.2*1.6 -> 1.92 | H60: =D60*F60 -> 1.92
C61: A terraza | D61: 2 | F61: =3*1.6 -> 4.8 | H61: =D61*F61 -> 9.6
D62: 1 | F62: 2.2 | H62: =D62*F62 -> 2.2
B67: Realizó
D70: Consejo Superior de la Judicatura Dirección Seccional de Administración Judicial de Cali – Valle del Cauca
B71: MEMORIA DE CÁLCULO DE EJECUCIÓN
B72: DESCRIPCIÓN | D72: =VLOOKUP(B74,Buenaventura!A9:G294,3,FALSE) -> Mantenimiento de reja metalica (cuerpo baranda), incluye desmonte si es necesario, cepillado, limpieza del elemento,eliminación total del óxido superficial, cambio de partes afectadas, Reforzar o rehacer soldaduras defectuosas, Aplicación de Imprimante anticorrosivo, Aplicación de Acabado (esmalte o pintura industrial mate ) y todo lo necesario para su correcta instalación
B73: ITEM | D73: CANTIDAD TOTAL | E73: UNIDAD | I73: PLANO DE CANTIDADES | L73: REGISTRO FOTOGRAFICO
B74: 3 | C74: =VLOOKUP(B74,Buenaventura!A9:G294,2,FALSE) -> CA-19 | D74: =SUM(H77:H92) -> 39.8106 | E74: =VLOOKUP(B74,Buenaventura!A9:G293,4,FALSE) -> M2
B75: DISCRIMINACIÓN
B76: elemento | C76: Ubicación | D76: Cantidad | E76: Ancho | F76: Largo | G76: Alto | H76: total
B77: pasamanos escalera | C77: piso 1 | D77: 2 | F77: =1.36*1.6 -> 2.176 | G77: 0.85 | H77: =D77*F77*G77 -> 3.6992
D78: 1 | F78: 3 | G78: 0.85 | H78: =D78*F78*G78 -> 2.55
D79: 2 | F79: =0.73*1.6 -> 1.168 | G79: 0.85 | H79: =D79*F79*G79 -> 1.9856
C80: piso 2 | D80: 1 | F80: =1.53*1.6 -> 2.448 | G80: 0.85 | H80: =D80*F80*G80 -> 2.0808
D81: 1 | F81: =1.58*1.6 -> 2.528 | G81: 0.85 | H81: =D81*F81*G81 -> 2.1488
D82: 1 | F82: =1.2*1.6 -> 1.92 | G82: 0.85 | H82: =D82*F82*G82 -> 1.632
C83: piso 3 | D83: 1 | F83: =1.53*1.6 -> 2.448 | G83: 0.85 | H83: =D83*F83*G83 -> 2.0808
D84: 1 | F84: =1.58*1.6 -> 2.528 | G84: 0.85 | H84: =D84*F84*G84 -> 2.1488
D85: 1 | F85: =1.2*1.6 -> 1.92 | G85: 0.85 | H85: =D85*F85*G85 -> 1.632
C86: mezanine | D86: 1 | F86: 1.14 | G86: 0.85 | H86: =D86*F86*G86 -> 0.969
D87: 1 | F87: =2.2*1.6 -> 3.52 | G87: 0.85 | H87: =D87*F87*G87 -> 2.992
C88: piso 4 | D88: 1 | F88: =1.53*1.6 -> 2.448 | G88: 0.85 | H88: =D88*F88*G88 -> 2.0808
D89: 1 | F89: =1.58*1.6 -> 2.528 | G89: 0.85 | H89: =D89*F89*G89 -> 2.1488
D90: 1 | F90: =1.2*1.6 -> 1.92 | G90: 0.85 | H90: =D90*F90*G90 -> 1.632
C91: A terraza | D91: 2 | F91: =3*1.6 -> 4.8 | G91: 0.85 | H91: =D91*F91*G91 -> 8.16
D92: 1 | F92: 2.2 | G92: 0.85 | H92: =D92*F92*G92 -> 1.87
B98: Realizó
D101: Consejo Superior de la Judicatura Dirección Seccional de Administración Judicial de Cali – Valle del Cauca
B102: MEMORIA DE CÁLCULO DE EJECUCIÓN
B103: DESCRIPCIÓN | D103: =VLOOKUP(B105,Buenaventura!A9:G325,3,FALSE) -> Desmonte de reja metálica incluye retiro y disposicion final en centro de acopio certificado
B104: ITEM | D104: CANTIDAD TOTAL | E104: UNIDAD | I104: PLANO DE CANTIDADES | L104: REGISTRO FOTOGRAFICO
B105: 4 | C105: =VLOOKUP(B105,Buenaventura!A9:G325,2,FALSE) -> PR-48 | D105: =SUM(H108:H111) -> 12.8928 | E105: =VLOOKUP(B105,Buenaventura!A9:G324,4,FALSE) -> M2
B106: DISCRIMINACIÓN
B107: elemento | C107: Ubicación | D107: Cantidad | E107: Ancho | F107: Largo | G107: Alto | H107: total
C108: escalera | D108: 6 | F108: =1.58*1.6 -> 2.528 | G108: 0.85 | H108: =D108*F108*G108 -> 12.8928
B128: Realizó
D131: Consejo Superior de la Judicatura Dirección Seccional de Administración Judicial de Cali – Valle del Cauca
B132: MEMORIA DE CÁLCULO DE EJECUCIÓN
B133: DESCRIPCIÓN | D133: =VLOOKUP(B135,Buenaventura!A9:G355,3,FALSE) -> Suministro, fabricación e instalación de reja metálica elaborada en varilla lisa de 3/8” (≈ 1 cm de diámetro), diseño similar al existente, incluye cortes, armado, soldadura, esmerilado, aplicación de anticorrosivo y pintura de acabado, asi como anclajes, fijaciones, herrajes y todos los elementos necesarios para su correcta instalación y funcionamiento.
B134: ITEM | D134: CANTIDAD TOTAL | E134: UNIDAD | I134: PLANO DE CANTIDADES | L134: REGISTRO FOTOGRAFICO
B135: 5 | C135: =VLOOKUP(B135,Buenaventura!A9:G355,2,FALSE) -> CA-43 | D135: =SUM(H138:H141) -> 12.8928 | E135: =VLOOKUP(B135,Buenaventura!A9:G354,4,FALSE) -> M2
B136: DISCRIMINACIÓN
B137: elemento | C137: Ubicación | D137: Cantidad | E137: Ancho | F137: Largo | G137: Alto | H137: total
C138: escalera | D138: 6 | F138: =1.58*1.6 -> 2.528 | G138: 0.85 | H138: =D138*F138*G138 -> 12.8928
B152: Realizó
D155: Consejo Superior de la Judicatura Dirección Seccional de Administración Judicial de Cali – Valle del Cauca
B156: MEMORIA DE CÁLCULO DE EJECUCIÓN
B157: DESCRIPCIÓN | D157: =VLOOKUP(B159,Buenaventura!A9:G379,3,FALSE) -> Suministro, fabricación e instalación de pasamanos en madera Chanul o choibá maciza inmunizada, sección semitubular 0,10 x 0,10 con barniz y pintura poliuretano diseño y color similiar al existente , incluye soporte de fijación en muro, tornilleria y todo lo necesario para su correcta instalación
B158: ITEM | D158: CANTIDAD TOTAL | E158: UNIDAD | I158: PLANO DE CANTIDADES | L158: REGISTRO FOTOGRAFICO
B159: 6 | C159: =VLOOKUP(B159,Buenaventura!A9:G379,2,FALSE) -> CA-44 | D159: =SUM(H162:H177) -> 55.1 | E159: =VLOOKUP(B159,Buenaventura!A9:G378,4,FALSE) -> ML
B160: DISCRIMINACIÓN
B161: elemento | C161: Ubicación | D161: Cantidad | E161: Ancho | F161: Largo | G161: Alto | H161: total
C162: piso 1 | D162: 2 | F162: =1.36*1.6 -> 2.176 | H162: =D162*F162 -> 4.352
D163: 1 | F163: 4 | H163: =D163*F163 -> 4
D164: 2 | F164: =3*1.6 -> 4.8 | H164: =D164*F164 -> 9.6
C165: piso 2 | D165: 1 | F165: =1.53*1.6 -> 2.448 | H165: =D165*F165 -> 2.448
D166: 1 | F166: =1.58*1.6 -> 2.528 | H166: =D166*F166 -> 2.528
D167: 1 | F167: =1.2*1.6 -> 1.92 | H167: =D167*F167 -> 1.92
...

Sheet ACTA DE AJUSTE
B2: =+#REF! -> #REF!
A5: CONTRATO No. | B5: =+Buenaventura!F7 -> 0
A7: FECHA | B7: =+Buenaventura!G8 -> 0
A8: PERÍODO | B8: 1 al 30 de octubre del 2023
A10: ACTA DE OBRA | B10: 2 | C10: acta de ajuste icociv y 3 insumos
A11: ETAPA | B11: CONSTRUCCIÓN
A12: CONSTRUCTOR | B12: =+Buenaventura!A4 -> 0
A13: INTERVENTOR / SUPERVISOR | B13: =+Buenaventura!A14:C14 -> 0
A15: OBJETO DEL CONTRATO | B15: =+Buenaventura!H4 -> CONTRATAR EN NOMBRE DE LA NACIÓN – CONSEJO SUPERIOR DE LA JUDICATURA – DIRECCIÓN SECCIONAL DE ADMINISTRACIÓN JUDICIAL DE CALI – VALLE DEL CAUCA, EL MANTENIMIENTO Y REPARACIONES LOCATIVAS DE LOS INMUEBLES PALACIO NACIONAL DE BUENAVENTURA Y SEDE JUDICIAL TRANSFERENCIAS DE BUENAVENTURA, INCLUYENDO MATERIALES A TODO COSTO.
A18: RESUMEN DE LA OBRA
E19: precios
A20: =+Buenaventura!A20 -> ITEM | B20: =VLOOKUP(A20,Buenaventura!$A$20:$C$243,2,FALSE) -> ID | E20: =+Buenaventura!G20 -> V/TOTAL
A21: =+Buenaventura!A21 -> Mantenimiento de pasamanos existentes | B21: =VLOOKUP(A21,Buenaventura!$A$20:$C$243,2,FALSE) -> 0 | E21: =+Buenaventura!G21 -> 0
A22: =+Buenaventura!A22 -> 1 | B22: =VLOOKUP(A22,Buenaventura!$A$20:$C$243,2,FALSE) -> PR-36 | E22: =+Buenaventura!G22 -> 0
A23: =+Buenaventura!A23 -> 2 | B23: =VLOOKUP(A23,Buenaventura!$A$20:$C$243,2,FALSE) -> CA-41 | E23: =+Buenaventura!G23 -> 0
A24: =+Buenaventura!A24 -> 3 | B24: =VLOOKUP(A24,Buenaventura!$A$20:$C$243,2,FALSE) -> CA-19 | E24: =+Buenaventura!G24 -> 0
A25: =+Buenaventura!#REF! -> #REF! | B25: =VLOOKUP(A25,Buenaventura!$A$20:$C$243,2,FALSE) -> #REF! | E25: =+Buenaventura!#REF! -> #REF!
A26: =+Buenaventura!#REF! -> #REF! | B26: =VLOOKUP(A26,Buenaventura!$A$20:$C$243,2,FALSE) -> #REF! | E26: =+Buenaventura!#REF! -> #REF!
A27: =+Buenaventura!#REF! -> #REF! | B27: =VLOOKUP(A27,Buenaventura!$A$20:$C$243,2,FALSE) -> #REF! | E27: =+Buenaventura!#REF! -> #REF!
A28: =+Buenaventura!#REF! -> #REF! | B28: =VLOOKUP(A28,Buenaventura!$A$20:$C$243,2,FALSE) -> #REF! | E28: =+Buenaventura!#REF! -> #REF!
A29: =+Buenaventura!A70 -> 44 | B29: =VLOOKUP(A29,Buenaventura!$A$20:$C$243,2,FALSE) -> DI-29 | E29: =+Buenaventura!G70 -> 0
A30: =+Buenaventura!A37 -> Carpintería en madera | B30: =VLOOKUP(A30,Buenaventura!$A$20:$C$243,2,FALSE) -> 0 | E30: =+Buenaventura!G37 -> 0
A31: =+Buenaventura!A38 -> 15 | B31: =VLOOKUP(A31,Buenaventura!$A$20:$C$243,2,FALSE) -> PR-40 | E31: =+Buenaventura!G38 -> 0
A32: =+Buenaventura!A39 -> 16 | B32: =VLOOKUP(A32,Buenaventura!$A$20:$C$243,2,FALSE) -> PR-71 | E32: =+Buenaventura!G39 -> 0
A33: =+Buenaventura!A40 -> 17 | B33: =VLOOKUP(A33,Buenaventura!$A$20:$C$243,2,FALSE) -> PR-68 | E33: =+Buenaventura!G40 -> 0
A34: =+Buenaventura!A41 -> 18 | B34: =VLOOKUP(A34,Buenaventura!$A$20:$C$243,2,FALSE) -> PR-70 | E34: =+Buenaventura!G41 -> 0
A35: =+Buenaventura!A42 -> 19 | B35: =VLOOKUP(A35,Buenaventura!$A$20:$C$243,2,FALSE) -> CA-47 | E35: =+Buenaventura!G42 -> 0
A36: =+Buenaventura!A44 -> 21 | B36: =VLOOKUP(A36,Buenaventura!$A$20:$C$243,2,FALSE) -> CA-25 | E36: =+Buenaventura!G44 -> 0
A37: =+Buenaventura!A50 -> MantenimientoTerrazas | B37: =VLOOKUP(A37,Buenaventura!$A$20:$C$243,2,FALSE) -> 0 | E37: =+Buenaventura!G50 -> 0
A38: =+Buenaventura!A51 -> 27 | B38: =VLOOKUP(A38,Buenaventura!$A$20:$C$243,2,FALSE) -> RI-08 | E38: =+Buenaventura!G51 -> 0
A39: =+Buenaventura!A52 -> 28 | B39: =VLOOKUP(A39,Buenaventura!$A$20:$C$243,2,FALSE) -> PR-29 | E39: =+Buenaventura!G52 -> 0
A40: =+Buenaventura!A53 -> 29 | B40: =VLOOKUP(A40,Buenaventura!$A$20:$C$243,2,FALSE) -> IH-01 | E40: =+Buenaventura!G53 -> 0
A41: =+Buenaventura!#REF! -> #REF! | B41: =VLOOKUP(A41,Buenaventura!$A$20:$C$243,2,FALSE) -> #REF! | E41: =+Buenaventura!#REF! -> #REF!
A42: =+Buenaventura!#REF! -> #REF! | B42: =VLOOKUP(A42,Buenaventura!$A$20:$C$243,2,FALSE) -> #REF! | E42: =+Buenaventura!#REF! -> #REF!
A43: =+Buenaventura!#REF! -> #REF! | B43: =VLOOKUP(A43,Buenaventura!$A$20:$C$243,2,FALSE) -> #REF! | E43: =+Buenaventura!#REF! -> #REF!
A44: =+Buenaventura!#REF! -> #REF! | B44: =VLOOKUP(A44,Buenaventura!$A$20:$C$243,2,FALSE) -> #REF! | E44: =+Buenaventura!#REF! -> #REF!
A45: =+Buenaventura!#REF! -> #REF! | B45: =VLOOKUP(A45,Buenaventura!$A$20:$C$243,2,FALSE) -> #REF! | E45: =+Buenaventura!#REF! -> #REF!
A46: =+Buenaventura!#REF! -> #REF! | B46: =VLOOKUP(A46,Buenaventura!$A$20:$C$243,2,FALSE) -> #REF! | E46: =+Buenaventura!#REF! -> #REF!
A47: =+Buenaventura!#REF! -> #REF! | B47: =VLOOKUP(A47,Buenaventura!$A$20:$C$243,2,FALSE) -> #REF! | E47: =+Buenaventura!#REF! -> #REF!
A48: =+Buenaventura!A57 -> Tratamiento de humedades internas | B48: =VLOOKUP(A48,Buenaventura!$A$20:$C$243,2,FALSE) -> 0 | E48: =+Buenaventura!G57 -> 0
A49: =+Buenaventura!A58 -> 33 | B49: =VLOOKUP(A49,Buenaventura!$A$20:$C$243,2,FALSE) -> PR-01 | E49: =+Buenaventura!G58 -> 0
A50: =+Buenaventura!A59 -> 34 | B50: =VLOOKUP(A50,Buenaventura!$A$20:$C$243,2,FALSE) -> RI-09 | E50: =+Buenaventura!G59 -> 0
A51: =+Buenaventura!A60 -> 35 | B51: =VLOOKUP(A51,Buenaventura!$A$20:$C$243,2,FALSE) -> AC-01 | E51: =+Buenaventura!G60 -> 0
A52: =+Buenaventura!A243 -> 0 | B52: =VLOOKUP(A52,Buenaventura!$A$20:$C$243,2,FALSE) -> #N/A | E52: =+Buenaventura!G243 -> 0
A54: VALOR COSTO DIRECTO | E54: =ROUND(SUM(E20:E53),0) -> #REF!
A55: AIU CONTRATO | D55: =+E55/E54 -> #REF! | E55: =+Buenaventura!G250-Buenaventura!G245 -> 0
A56: VALOR TOTAL CONTRATO | E56: =+E55+E54 -> #REF!
A58: MODIFICATORIO No. 1 | E58: =SUM(E59:E61) -> #REF!
A59: Mayores cantidades de obra | E59: =SUM(Buenaventura!I20:I56)*(1+D55) -> #REF!
A60: Ïtems no previstos | E60: =SUM(Buenaventura!I57:I243)*(1+D55) -> #REF!
A61: Ajuste | E61: 0
A62: MODIFICATORIO No.2 | E62: =SUM(E63:E66) -> 0
A63: Inexactitud de Diseños | E63: 0
A64: Inexactitud de Diseños - actualización de precios con el IPC | E64: 0
A65: Mayor permanencia del 11 de julio 2022 al 31 de Diciembre del 2022 | E65: 0
E66: 0
A67: MODIFICATORIO No. 3 | E67: =+E68 -> 0
A68: Ajuste 3 insumos (Mano de obra + Asfalto + Acero de refuerzo) - Desde 1 enero 2022 al 10 julio de 2022 (faltante) y desde el 11 de julio del 2022 al 30 de agosto del 2023 (Incluido Administración 25,3%) | E68: 0
A71: VALOR TOTAL PRESENTE ACTA | E71: =ROUND(SUM(E56,E58,E62,E67),0) -> #REF!
A73: ESTADO FISCAL DEL CONTRATO
A74: Valor Inicial del Contrato | E74: =+Buenaventura!G250 -> 0
A75: Adición modificatorio No.1 | E75: =+E58 -> #REF!
A76: Adición modificatorio No.2 | E76: =+E62 -> 0
A77: Adición modificatorio No.3 | E77: =+E67 -> 0
A78: Adición modificatorio No.4
A79: Valor Total del Contrato a la Fecha | E79: =SUM(E74:E78) -> #REF!
A81: Reserva Constituida Hasta la Fecha | C81: =+E79 -> #REF!
A83: Valor Total Liquidado en Actas Anteriores
A84: =CONCATENATE("Valor Liquidado Acta No.",B10) -> Valor Liquidado Acta No.2 | C84: =E71 -> #REF!
A85: Ajuste por redondeo en actas anteriores
A86: Valor Total Liquidado Hasta la fecha | C86: =ROUND(C84+C83+C85,0) -> #REF!
A88: Saldo Actual del Contrato | C88: =+E79-C86 -> #REF!
A89: Sumas Iguales | C89: =+C86+C88 -> #REF! | E89: =+E79 -> #REF!
A91: DETALLE ACTAS LIQUIDADAS
A93: =CONCATENATE("Valor Liquidado en Actas de Obra No. 1 a ",B10) -> Valor Liquidado en Actas de Obra No. 1 a 2 | E93: =+C86 -> #REF!
A94: Total Liquidado hasta la Fecha | E94: =C86 -> #REF!
A96: ESTADO DEL ANTICIPO
A97: Valor del Anticipo Recibido Contrato Inicial
A98: Valor Total del Anticipo Recibido | E98: =+E97 -> 0
A100: Valor Amortizado en Actas Anteriores Contrato
A101: Ajuste por redondeo en actas anteriores | C101: 0
A102: Valor Amortizado a la fecha | C102: 0
A103: Valor Total Amortizado hasta la fecha | C103: =ROUND(C102+C101+C100,0) -> 0
A105: Saldo por Amortizar | C105: =ROUND(E97-C103,9) -> 0
A106: Sumas Iguales | C106: =ROUND(C103+C105,0) -> 0 | E106: =+E98 -> 0
A108: RETENCIÓN EN GARANTÍA
A110: Valor deducido en actas anteriores
A111: valor deducido en presente acta
A112: Valor deducido en presente acta
A113: Valor total deducido a la fecha | C113: =SUM(C110:C111) -> 0
A115: LIQUIDACIÓN DEL ACTA
A116: Valor Liquidado presente Acta | E116: =ROUND(+E71,0) -> #REF!
A117: Amortización anticipo | E117: =ROUND(C102,0) -> 0
A118: Retención en Garantía 10% | E118: =ROUND(+C112,0) -> 0
A119: SUB-TOTAL | E119: =+ROUND(E116-(E117+E118),0) -> #REF!
A120: Otras deducciones | E120: 0
A122: VALOR TOTAL A PAGAR A FAVOR DEL CONSORCIO MIO TCU-HB | E122: =+E119 -> #REF!
A124: VALOR A PAGAR AL CONSORCIO MIO TCU-HB | E124: =ROUND(E122,0) -> #REF!
A126: TRESCIENTOS MILLONES DE PESOS M/CTE
A128: En constancia de lo anterior se firma la presente acta en Santiago de Cali, a los xxxx días del mes de xxxxxxxxxxxxx de xxxxxxxxxxxx.
...
